 Dungeon Crawl Stone Soup version 0.26.0-16-gc1dbca0489 (webtiles) character file.

Game seed: 4765131623465636275

148073 teolandon225 the Unseen (level 16, -2/72 HPs)
             Began as a Spriggan Enchanter on Jan 16, 2021.
             Was the Champion of Dithmenos.
             Hit by a silver javelin thrown by a merfolk javelineer (6 damage)
             ... on level 4 of the Shoals on Jan 18, 2021.
             The game lasted 02:45:01 (68441 turns).

teolandon225 the Unseen (Spriggan Enchanter)       Turns: 68441, Time: 02:45:01

Health: -2/72      AC:  8    Str:  2    XL:     16   Next: 93%
Magic:  24/30      EV: 33    Int: 21    God:    Dithmenos [******]
Gold:   1042       SH: 11    Dex: 28    Spells: 11/34 levels left

rFire    + . .     SeeInvis +   a - +3 quick blade "Peuchio" {freeze, rPois Dex+7}
rCold    + . .     Faith    .   p - +1 buckler
rNeg     . . .     Spirit   .   G - +1 robe of the Tormentor {rC+ Will+}
rPois    +         Reflect  .   M - +2 hat
rElec    .         Harm     .   Q - +2 cloak {rPois}
rCorr    +         Rampage  .   (gloves unavailable)
Will     +++..                  (boots unavailable)
Stlth    +++++++...             T - amulet of magic regeneration
HPRegen  0.22/turn              N - ring of protection from fire
MPRegen  0.47/turn              W - ring of Imiy {+Blink +Inv rCorr Int-2 Dex+4}

@: slightly contaminated, wreathed by umbra, invisible, slow
A: very small, unfitting armour, see invisible, speed 3, frail 1, weak 1
a: Renounce Religion, Evoke Blink, Evoke Invisibility, Shadow Step, Shadow Form


You were on level 4 of the Shoals.
You worshipped Dithmenos.
Dithmenos was exalted by your worship.
You visited 5 branches of the dungeon, and saw 28 of its levels.

You collected 3228 gold pieces.
You spent 2186 gold pieces at shops.

Inventory:

Hand Weapons
 a - the +3 quick blade "Peuchio" (weapon) {freeze, rPois Dex+7}
   (You acquired it on level 13 of the Dungeon)

   It has been specially enchanted to freeze those struck by it, causing extra
   injury to most foes and up to half again as much damage against particularly
   susceptible opponents.
   It can also slow down cold-blooded creatures.
   It affects your dexterity (+7).
   It protects you from poison.
 b - the +1 hunting sling of Liteash {vorpal, rElec rF+ rC+ Will+ Dex-3}
   (You found it on level 13 of the Dungeon)

   Any stone fired from it inflicts extra damage.
   It affects your dexterity (-3).
   It protects you from fire.
   It protects you from cold.
   It insulates you from electricity.
   It affects your willpower, your defense against some magical effects.
 y - the +5 dagger of Starshine {vorpal, Will+}
   (You found it on level 6 of the Dungeon)

   It inflicts extra damage upon your enemies.
   It affects your willpower, your defense against some magical effects.
 D - the +12 quick blade "Fapsogen" {vorpal, *Rage rElec Will- Str+10}
   (You acquired it on level 2 of the Shoals)

   It inflicts extra damage upon your enemies.
   It affects your strength (+10).
   It insulates you from electricity.
   It affects your willpower, your defense against some magical effects.
   It may make you go berserk in combat.
Missiles
 l - 789 stones (quivered)
Armour
 p - a +1 buckler (worn)
 E - +1 acid dragon scales
 G - the +1 robe of the Tormentor (worn) {rC+ Will+}
   (You found it on level 3 of the Shoals)

   It protects you from cold.
   It affects your willpower, your defense against some magical effects.
 M - a +2 hat (worn)
 P - a +2 robe of fire resistance
 Q - a +2 cloak of poison resistance (worn)
Jewellery
 j - an uncursed ring of fire
 r - an uncursed ring of stealth
 u - an uncursed ring of wizardry
 C - an uncursed ring of stealth
 N - a ring of protection from fire (left hand)
 R - a +4 ring of slaying
 S - an uncursed ring of protection from cold
 T - an amulet of magic regeneration (around neck)
 W - the ring of Imiy (right hand) {+Blink +Inv rCorr Int-2 Dex+4}
   (You acquired it on level 5 of the Lair of Beasts)

   [ring of resist corrosion]

   It affects your intelligence (-2).
   It affects your dexterity (+4).
   It lets you turn invisible.
   It lets you blink.
   It provides partial protection from all sources of acid and corrosion.
Wands
 A - a wand of disintegration (21)
 B - a wand of flame (71)
 F - a wand of acid (53)
 K - a wand of iceblast (11)
 O - a wand of enslavement (10)
 V - a wand of paralysis (22)
 Y - a wand of polymorph (10)
 Z - a wand of random effects (52)
Scrolls
 c - 4 scrolls of fear
 f - 3 scrolls of teleportation
 g - 15 scrolls of remove curse
 k - 3 scrolls of identify
 v - 6 scrolls of fog
 w - 9 scrolls of amnesia
 H - 2 scrolls of blinking
 I - 6 scrolls of magic mapping
 J - a scroll of enchant weapon {unknown}
 U - a scroll of brand weapon
Potions
 d - 3 potions of curing
 e - 3 potions of lignification
 h - 3 potions of berserk rage
 i - 9 potions of flight
 m - a potion of cancellation
 n - 7 potions of brilliance
 o - a potion of attraction
 q - a potion of resistance
 s - 3 potions of invisibility
 t - 3 potions of haste
 z - 2 potions of might
 L - 3 potions of magic
 X - a potion of ambrosia


   Skills:
 - Level 8.0 Fighting
 - Level 10.0 Short Blades
 + Level 13.2 Dodging
 - Level 17.4 Stealth
 - Level 7.2 Shields
 - Level 9.5 Spellcasting
 + Level 13.7 Hexes
 + Level 13.8 Invocations
 - Level 14.6 Evocations


You had 11 spell levels left.
You knew the following spells:

 Your Spells              Type           Power        Failure   Level
a - Invisibility          Hex            61%          3%          6
b - Slow                  Hex            61%          1%          2
c - Cause Fear            Hex            30%          1%          4
e - Tukima's Dance        Hex            61%          1%          3
q - Ensorcelled Hibernat  Hex/Ice        76%          1%          2
r - Dazzling Flash        Conj/Hex       76%          1%          3
w - Confusing Touch       Hex            61%          1%          3

Your spell library contained the following spells:

 Spells                   Type           Power        Failure   Level
 Corona                   Hex            67%          1%          1
 Inner Flame              Hex/Fire       38%          1%          3
 Portal Projectile        Hex/Tloc       76%          1%          3
 Fulminant Prism          Conj/Hex       19%          4%          4
 Leda's Liquefaction      Hex/Erth       19%          4%          4
 Beastly Appendage        Tmut           18%          7%          1
 Magic Dart               Conj           36%          7%          1
 Sandblast                Erth           18%          7%          1
 Passwall                 Tmut/Erth      7%           11%         2
 Searing Ray              Conj           18%          11%         2
 Sublimation of Blood     Necr           4%           11%         2
 Swiftness                Air            9%           11%         2
 Wereblood                Tmut           9%           11%         2
 Silence                  Hex/Air        19%          12%         5
 Yara's Violent Unravell  Hex/Tmut       19%          12%         5
 Ignite Poison            Fire/Tmut/Pois 9%           21%         3
 Spider Form              Tmut/Pois      4%           21%         3
 Static Discharge         Conj/Air       9%           21%         3
 Stone Arrow              Conj/Erth      18%          21%         3
 Ice Form                 Ice/Tmut       9%           56%         4
 Iskenderun's Mystic Bla  Conj/Tloc      9%           56%         4
 Passage of Golubria      Tloc           N/A          56%         4
 Petrify                  Tmut/Erth      9%           56%         4
 Discord                  Hex            30%          85%         8
 Alistair's Intoxication  Tmut/Pois      6%           88%         5
 Blade Hands              Tmut           4%           88%         5
 Borgnjor's Vile Clutch   Necr/Erth      4%           88%         5
 Irradiate                Conj/Tmut      4%           88%         5
 Lee's Rapid Deconstruct  Erth           4%           88%         5
 Lightning Bolt           Conj/Air       4%           88%         5
 Eringya's Noxious Bog    Tmut/Pois      4%           100%        6
 Ignition                 Fire           4%           100%        8
 Shatter                  Erth           4%           100%        9
 Tornado                  Air            4%           100%        9


Dungeon Overview and Level Annotations

Branches:
Dungeon (15/15)            Temple (1/1) D:6            Lair (6/6) D:11
 Shoals (4/4) Lair:2        Snake (0/4) Lair:4        Slime (0/5) Lair:6
    Orc (2/2) D:9             Elf (0/3) Orc:2        Vaults (0/5) D:13
 Depths (0/5) D:15

Altars:
Cheibriados
Dithmenos
Elyvilon
Fedhas
Gozag
Hepliaklqana
Kikubaaqudgha
Makhleb
Nemelex Xobeh
Okawaru
Qazlal
Ru
Sif Muna
Trog
Uskayaw
Vehumet
Wu Jian
Xom
Yredelemnul
Zin
The Shining One
Beogh
Jiyva
Lugonu

Shops:
D:8 *!([*   D:10 :*   D:11 (   D:14 [   Orc:1 (   Orc:2 [:?=   Shoals:2 *(}
Shoals:3 *

Annotations:
D:3 exclusion: downstairs
D:5 exclusion: downstairs
D:14 exclusion: downstairs
Lair:4 exclusion: downstairs
Lair:5 exclusion: 3 downstairs
Shoals:2 exclusion: downstairs
Shoals:3 exclusion: 2 downstairs
Orc:2 exclusion: 2 upstairs


Innate Abilities, Weirdness & Mutations

You are very small and have problems with some larger weapons.
You are too small for most types of armour.
You have supernaturally acute eyesight. (SInv)
You cover ground extremely quickly.
You are frail. (-10% HP)
You are weak. (Str -2)


Message History

You fade completely from view now that you are no longer glowing from magical contamination.
You feel much better.
The merfolk aquamancer is no longer blind.
As you read the scroll of teleportation, it crumbles to dust.
You feel strangely unstable.
The merfolk siren chants a haunting song.
You resist with almost no effort.
A merfolk comes into view. It is wielding a +0 trident.
Found 15 stones.
Your surroundings suddenly seem different.
Splash!
You fall into the shallow water.
Moving in this stuff is going to be slow. ...and don't expect to remain undetected.
The sea snake hisses angrily.
The merfolk javelineer shouts!
The merfolk javelineer throws a silver javelin.
The silver javelin pierces through you!!
* * * LOW HITPOINT WARNING * * *
You emit a cloud of dark smoke.
The silver sears you!
You die...

..≈≈≈...m#≈.........≈.≈≈#
"..........≈≈≈)....≈≈≈≈≈#
..).P.......S≈....≈#≈≈≈≈#
..........#........#≈≈≈≈#
...(.....†#.##Sm...≈≈≈≈≈#
≈≈≈≈.........##....≈≈≈≈≈#
≈≈≈≈≈≈.††.(........≈≈≈≈≈#
≈≈≈≈≈≈≈..≈....(§§.≈≈≈≈≈≈
≈≈≈≈≈≈≈..≈≈≈≈≈..@≈≈≈≈≈≈≈
≈≈≈≈≈≈≈≈≈≈≈≈≈≈≈§§≈≈≈≈≈≈≈
≈≈≈≈≈≈≈≈≈≈≈≈≈≈≈≈≈≈≈≈≈≈≈≈
≈≈≈≈≈≈≈≈≈≈≈≈≈≈≈≈≈≈≈≈≈≈≈≈
≈≈≈≈≈≈≈≈≈≈≈≈≈≈≈≈≈≈≈≈≈≈≈≈
≈≈≈≈≈≈≈≈≈≈≈≈≈≈≈≈≈≈≈≈≈≈≈≈
≈≈≈≈≈≈≈≈≈≈≈≈≈≈≈≈≈≈≈≈≈
≈≈≈≈≈≈≈≈≈≈≈≈≈≈≈≈≈≈≈≈
≈≈≈≈≈≈≈≈≈≈≈≈≈≈≈


You could see a merfolk javelineer and a sea snake.

Vanquished Creatures
  Rupert (Lair:6)
  Kirke (D:15)
  Nessos (D:15)
  Azrael (D:15)
  Josephine (Lair:6)
  A merfolk javelineer (Shoals:4)
  7 merfolk impalers
  6 hydras
  5 boulder beetles
  4 vault guards (D:13)
  Harold (D:7)
  A catoblepas (Lair:4)
  A merfolk avatar (Shoals:3)
  7 centaur warriors
  An alligator snapping turtle (Shoals:1)
  2 merfolk aquamancers (Shoals:4)
  A satyr (Shoals:3)
  12 death yaks
  4 ogre magi
  9 two-headed ogres
  An orc high priest (Orc:2)
  4 tengu warriors
  A fire crab (Lair:5)
  7 sea snakes
  A deep troll (D:15)
  An unseen horror (D:13)
  11 harpies
  6 orc knights
  5 orc sorcerers (Orc:2)
  10 fauns
  11 manticores
  7 cyclopes
  8 ugly things
  A manticore (shapeshifter) (D:15)
  8 merfolk sirens
  8 elephants
  A black mamba (shapeshifter) (D:15)
  2 water nymphs
  Psyche (D:9)
  6 black mambas
  25 cane toads
  Maggie (D:9)
  3 rime drakes
  6 komodo dragons
  A gargoyle (D:13)
  An efreet (D:15)
  5 yaktaurs (D:15)
  5 tyrant leeches (Lair:6)
  33 merfolk
  2 polar bears
  A troll (D:15)
  5 wind drakes
  Prince Ribbit (D:9)
  A hornet (shapeshifter) (D:15)
  3 hornets
  4 snapping turtles
  12 dream sheep
  29 blink frogs
  28 yaks
  4 water elementals
  7 wyverns
  2 fire elementals (D:15)
  5 wraiths
  3 hogs (D:15)
  A human (D:13)
  Grum (D:8)
  8 basilisks
  6 vampire mosquitoes
  A warg (Orc:2)
  7 nagas (Lair:4)
  4 acid dragons
  A soldier ant (D:10)
  18 water moccasins
  5 hell hounds (D:15)
  3 black bears
  39 orc warriors
  3 phantoms
  6 sky beasts
  A necrophage (D:10)
  21 ogres
  26 wolves
  3 boggarts (D:15)
  15 centaurs
  An eye of draining (D:14)
  A big kobold (D:8)
  38 bullfrogs
  A gnoll sergeant (D:10)
  2 wyvern skeletons
  7 scorpions
  8 killer bees
  16 wights
  2 howler monkeys
  A centaur zombie (D:7)
  3 quasits
  A bullfrog zombie (D:12)
  6 centaur skeletons
  6 hounds
  4 jellies
  A gnoll shaman (D:4)
  20 orc priests
  5 bullfrog skeletons
  9 iguanas
  48 orc wizards
  10 hell rats (D:15)
  9 worker ants
  2 killer bee zombies
  A hound skeleton (D:5)
  3 worker ant zombies
  16 adders
  8 gnolls
  2 howler monkey skeletons (D:4)
  3 shadow imps
  A white imp (D:9)
  2 ufetubi
  2 oozes
  An adder zombie (D:8)
  4 adder skeletons
  A worm (D:4)
  3 dart slugs
  5 leopard geckos
  123 orcs
  9 bats
  12 giant cockroaches
  11 goblins
  20 hobgoblins
  24 jackals
  6 quokkas
  2 ball pythons
  8 frilled lizards
  A jackal zombie (D:6)
  16 kobolds
  A leopard gecko zombie (D:5)
  10 rats
1019 creatures vanquished.

Vanquished Creatures (collateral kills)
  11 wights
  A jackal (D:8)
12 creatures vanquished.

Vanquished Creatures (others)
  2 dancing weapons (D:14)
  A bush (Lair:4)
  60 fungi
  358 plants
421 creatures vanquished.

Grand Total: 1452 creatures vanquished

Notes
Turn   | Place    | Note
-------+----------+-------------------------------------------
     0 | D:1      | teolandon225 the Spriggan Enchanter began the quest for the
                  | Orb.
     0 | D:1      | Reached XP level 1. HP: 9/9 MP: 5/5
   213 | D:1      | Reached XP level 2. HP: 13/13 MP: 6/6
   217 | D:1      | Learned a level 2 spell: Ensorcelled Hibernation
   683 | D:1      | Reached skill level 5 in Stealth
  1382 | D:1      | Reached XP level 3. HP: 17/17 MP: 8/8
  2965 | D:2      | Reached skill level 1 in Fighting
  3180 | D:2      | Reached XP level 4. HP: 22/22 MP: 3/9
  4050 | D:3      | Reached skill level 6 in Stealth
  4347 | D:3      | Reached XP level 5. HP: 25/25 MP: 10/10
  4590 | D:2      | Learned a level 3 spell: Confusing Touch
  4594 | D:2      | Learned a level 3 spell: Tukima's Dance
  4719 | D:3      | Reached skill level 5 in Hexes
  5277 | D:4      | Reached skill level 7 in Stealth
  5586 | D:4      | Reached XP level 6. HP: 14/30 MP: 5/11
  6165 | D:4      | Found a burning altar of Makhleb.
  6403 | D:4      | Reached skill level 5 in Dodging
  6403 | D:4      | Reached skill level 8 in Stealth
  6778 | D:4      | Reached XP level 7. HP: 33/33 MP: 5/12
  6914 | D:4      | Noticed a +0 hand axe
  6915 | D:4      | Found a hide-covered altar of Uskayaw.
  6916 | D:4      | Noticed a +0 dagger
  7550 | D:5      | Entered Level 5 of the Dungeon
  7592 | D:5      | Identified the Catalogue of the Mountains and Bewitchment
  8457 | D:4      | Found a burning altar of Makhleb.
  8655 | D:4      | Found a hide-covered altar of Uskayaw.
  9252 | D:5      | Reached skill level 9 in Stealth
  9719 | D:5      | Found an iron altar of Okawaru.
  9724 | D:5      | Found a hazy altar of Hepliaklqana.
  9724 | D:5      | Found an ancient bone altar of Kikubaaqudgha.
  9919 | D:5      | Found a bloodstained altar of Trog.
 10412 | D:6      | Reached XP level 8. HP: 37/37 MP: 10/13
 10456 | D:6      | Got an ancient dagger
 10460 | D:6      | Identified the +5 dagger of Starshine {vorpal, Will+} (You
                  | found it on level 6 of the Dungeon)
 10600 | D:6      | Reached skill level 10 in Stealth
 10626 | D:6      | Found a staircase to the Ecumenical Temple.
 11997 | Temple   | Entered the Ecumenical Temple
 12522 | D:6      | Found a shimmering altar of Xom.
 12877 | D:7      | Noticed Harold
 13018 | D:7      | Reached skill level 11 in Stealth
 13088 | D:7      | Noticed a manticore
 13099 | D:7      | Killed a manticore
 13469 | D:7      | Found a shadowy altar of Dithmenos.
 13482 | D:7      | Became a worshipper of Dithmenos the Shadowed
 13486 | D:7      | Reached XP level 9. HP: 41/41 MP: 11/14
 13524 | D:7      | Found a sparkling altar of Nemelex Xobeh.
 13563 | D:7      | Reached skill level 12 in Stealth
 13765 | D:7      | Reached skill level 5 in Short Blades
 13858 | D:7      | Found a sacrificial altar of Ru.
 13931 | D:7      | Killed Harold
 13932 | D:7      | Reached skill level 13 in Stealth
 13932 | D:7      | Reached skill level 10 in Hexes
 13977 | D:8      | Found Uloem's General Store.
 14245 | D:8      | Found Velom's Antique Armour Boutique.
 15235 | D:8      | Reached * piety under Dithmenos
 15364 | D:8      | Found a radiant altar of Vehumet.
 15416 | D:8      | Found Wool's General Store.
 15969 | D:8      | Bought a scroll of teleportation for 36 gold pieces
 15969 | D:8      | Bought a scroll of fear for 42 gold pieces
 15969 | D:8      | Bought a scroll of fog for 24 gold pieces
 15969 | D:8      | Bought a scroll of fog for 24 gold pieces
 15969 | D:8      | Bought a potion of curing for 36 gold pieces
 16067 | D:8      | Found Naek's Distillery.
 16070 | D:8      | Bought a potion of curing for 39 gold pieces
 16070 | D:8      | Bought a potion of curing for 39 gold pieces
 16070 | D:8      | Bought a potion of curing for 39 gold pieces
 16070 | D:8      | Bought a potion of heal wounds for 65 gold pieces
 16325 | D:8      | Reached XP level 10. HP: 45/45 MP: 11/15
 16347 | D:8      | Reached skill level 14 in Stealth
 16464 | D:8      | Bought a potion of curing for 45 gold pieces
 16535 | D:8      | Found Bug Rymu's Antique Weapon Shoppe.
 16771 | D:8      | Noticed Grum
 17085 | D:8      | Killed Grum
 17195 | D:8      | Found a glowing silver altar of Zin.
 17602 | D:8      | Found a white marble altar of Elyvilon.
 17891 | D:9      | Found a staircase to the Orcish Mines.
 18034 | D:9      | Noticed Prince Ribbit
 18048 | D:9      | Killed Prince Ribbit
 18436 | D:9      | Reached ** piety under Dithmenos
 18511 | D:9      | Reached skill level 1 in Shields
 18520 | D:9      | Learned a level 3 spell: Dazzling Flash
 18570 | D:9      | Found an opulent altar of Gozag.
 18592 | D:9      | Noticed Psyche
 18599 | D:9      | Killed Psyche
 18907 | D:9      | Noticed Maggie
 18908 | D:9      | Killed Maggie
 19132 | D:9      | Found a white marble altar of Elyvilon.
 19183 | D:9      | Noticed a two-headed ogre
 19188 | D:9      | Killed a two-headed ogre
 19200 | D:9      | Reached skill level 5 in Shields
 19407 | D:9      | Found a basalt altar of Yredelemnul.
 19508 | D:9      | Found a roughly hewn altar of Beogh.
 20059 | D:10     | Entered Level 10 of the Dungeon
 20079 | D:10     | Reached XP level 11. HP: 49/49 MP: 9/16
 20159 | D:10     | Found Miemein's Lightly-Used Armoury.
 20193 | D:10     | Noticed a two-headed ogre
 20219 | D:10     | Killed a two-headed ogre
 20541 | D:10     | Noticed a two-headed ogre
 20546 | D:10     | Killed a two-headed ogre
 20551 | D:10     | Found an ancient bone altar of Kikubaaqudgha.
 20750 | D:10     | Reached *** piety under Dithmenos
 21000 | D:10     | Found Fuij's Book Emporium.
 21089 | D:10     | Noticed a two-headed ogre
 21092 | D:10     | Noticed a boulder beetle
 21605 | D:10     | Killed a two-headed ogre
 21617 | D:10     | Killed a boulder beetle
 21618 | D:10     | Reached skill level 15 in Stealth
 24057 | D:11     | Reached **** piety under Dithmenos
 24349 | D:11     | Noticed a red ugly thing
 24363 | D:11     | Killed a red ugly thing
 24621 | D:11     | Reached skill level 16 in Stealth
 24849 | D:11     | Found a staircase to the Lair.
 25055 | D:11     | Found Dym Quk's Weapon Emporium.
 25214 | D:11     | Noticed a white ugly thing
 25230 | D:11     | Killed a white ugly thing
 25234 | D:11     | Reached skill level 5 in Spellcasting
 25234 | D:11     | Reached XP level 12. HP: 56/56 MP: 11/20
 25587 | Lair:1   | Entered Level 1 of the Lair of Beasts
 26385 | Lair:1   | Reached ***** piety under Dithmenos
 27280 | Lair:2   | Reached skill level 17 in Stealth
 28261 | Lair:2   | Found a staircase to the Shoals.
 29305 | Lair:1   | Reached skill level 1 in Invocations
 31216 | Lair:4   | Noticed an eight-headed hydra
 31221 | Lair:4   | Killed an eight-headed hydra
 31250 | Lair:4   | Noticed a catoblepas
 31254 | Lair:4   | Killed a catoblepas
 31255 | Lair:4   | Reached skill level 5 in Fighting
 31326 | Lair:4   | Noticed a death yak
 31328 | Lair:4   | Noticed a death yak
 31330 | Lair:4   | Noticed a death yak
 31330 | Lair:4   | Noticed a death yak
 31491 | Lair:4   | Found a staircase to the Snake Pit.
 32033 | Lair:4   | Reached skill level 5 in Invocations
 32438 | Lair:4   | Reached XP level 13. HP: 63/63 MP: 16/23
 33544 | Lair:5   | Reached skill level 10 in Short Blades
 35402 | Lair:6   | Entered Level 6 of the Lair of Beasts
 39202 | Lair:6   | Noticed Josephine
 39670 | Lair:6   | Reached XP level 14. HP: 72/72 MP: 21/27
 39789 | Lair:5   | Reached skill level 10 in Invocations
 40730 | Lair:6   | Found a hide-covered altar of Uskayaw.
 40731 | Lair:6   | Found an ornate altar of the Wu Jian Council.
 40736 | Lair:6   | Noticed Rupert
 41410 | Lair:6   | Killed Josephine
 42065 | Lair:5   | Identified a scroll of acquirement
 42065 | Lair:5   | Acquired the ring of Imiy {+Blink +Inv rCorr Int-2 Dex+4}
 42502 | Lair:6   | Reached skill level 1 in Evocations
 42607 | Lair:6   | Killed Rupert
 43098 | Lair:5   | Reached skill level 5 in Evocations
 43663 | Lair:6   | Found a viscous altar of Jiyva.
 43723 | Lair:6   | Found a staircase to the Slime Pits.
 44308 | Orc:1    | Entered Level 1 of the Orcish Mines
 44706 | Orc:1    | Found Abborgh's Weapon Emporium.
 45230 | Orc:1    | Found a shimmering blue altar of Sif Muna.
 45469 | Orc:2    | Entered Level 2 of the Orcish Mines
 45469 | Orc:2    | Found a staircase to the Elven Halls.
 45852 | Orc:2    | Found a burning altar of Makhleb.
 46110 | Orc:2    | Reached ****** piety under Dithmenos
 47834 | Orc:2    | Reached skill level 10 in Evocations
 48261 | Orc:2    | Reached XP level 15. HP: 77/77 MP: 20/29
 48653 | Orc:2    | Found Ethrely's Book Shop.
 48653 | Orc:2    | Found Givub's Antique Armour Shop.
 48654 | Orc:2    | Found Tarust's Magic Scroll Boutique.
 48657 | Orc:2    | Found Zeunniat's Jewellery Boutique.
 48665 | Orc:2    | Bought a runed robe for 136 gold pieces
 49218 | D:11     | Upgraded the game from 0.26.0-15-gc6cd9f700b to
                  | 0.26.0-16-gc1dbca0489
 50237 | D:13     | Identified the cursed +1 hunting sling of Liteash {vorpal,
                  | rElec rF+ rC+ Will+ Dex-3} (You found it on level 13 of the
                  | Dungeon)
 50608 | D:13     | Identified the +0 leather armour of the Vaults {-Tele rElec
                  | Str+7 Slay-5}
 50617 | D:13     | Identified the +1 leather armour of the End {Regen+ rCorr
                  | Str-2 Stlth+}
 51741 | D:13     | Acquired the +3 quick blade "Peuchio" {freeze, rPois Dex+7}
 51753 | D:13     | Found a gate to the Vaults.
 52617 | D:14     | Found Enlana's Antique Armour Emporium.
 53388 | D:14     | Bought an embroidered scarf for 328 gold pieces
 54246 | D:14     | Found a glowing silver altar of Zin.
 54306 | D:15     | Entered Level 15 of the Dungeon
 54402 | D:15     | Noticed Azrael
 55500 | D:15     | Killed Azrael
 56355 | D:15     | Noticed Nessos
 56368 | D:15     | Killed Nessos
 56379 | D:15     | Noticed Kirke
 57289 | D:15     | Killed Kirke
 57430 | D:15     | Found a staircase to the Depths.
 57611 | D:15     | Reached XP level 16. HP: 81/81 MP: 30/30
 57635 | D:15     | Reached skill level 10 in Dodging
 58258 | Shoals:1 | Entered Level 1 of the Shoals
 59690 | Lair:2   | Found a staircase to the Shoals.
 60759 | Lair:2   | Found a staircase to the Shoals.
 61282 | Orc:2    | Bought a book of Burglary for 825 gold pieces
 61289 | Orc:2    | Learned a level 6 spell: Invisibility
 63613 | Shoals:2 | Found Talirog's Antique Weapon Boutique.
 63624 | Shoals:2 | Found Weluq's Gadget Emporium.
 63633 | Shoals:2 | Bought a wand of paralysis (9) for 143 gold pieces
 63654 | Shoals:2 | Acquired the +12 quick blade "Fapsogen" {vorpal, *Rage
                  | rElec Will- Str+10}
 63844 | Shoals:2 | Found Weekauc's Assorted Antiques.
 63912 | Shoals:2 | Bought a scroll of identify for 84 gold pieces
 63912 | Shoals:2 | Bought a scroll of teleportation for 126 gold pieces
 63912 | Shoals:2 | Bought an embroidered robe for 155 gold pieces
 64412 | Shoals:2 | Noticed a kraken
 64548 | Shoals:3 | Learned a level 2 spell: Slow
 64553 | Shoals:3 | Learned a level 4 spell: Cause Fear
 64624 | Shoals:3 | Found Zafaoci's General Store.
 65276 | Shoals:3 | Identified the +1 robe of the Tormentor {rC+ Will+} (You
                  | found it on level 3 of the Shoals)
 65536 | Shoals:4 | Entered Level 4 of the Shoals
 68211 | Shoals:3 | Found Zafaoci's General Store.
 68330 | Shoals:4 | Gained mutation: You are weak. (Str -2) [mutagenic glow]
 68427 | Shoals:4 | HP: 3/81 [merfolk impaler/+0 trident (25)]
 68428 | Shoals:4 | Gained mutation: You are frail. (-10% HP) [mutagenic glow]
 68441 | Shoals:4 | Hit by a silver javelin thrown by a merfolk javelineer

Illustrated notes

Levels and vault maps discovered:
D:1:      minmay_arrival_checkered_box, layout_basic, minivault_11,
          minmay_misc_feat_tower, chequers_serial_rivers_marsh
D:2:      layout_loops_ring
D:3:      minmay_thinvault, layout_loops_cross, corexii_hall_statues_x
D:4:      layout_basic, nicolae_overflow_crystal_walls, dancing_weapons_uskayaw,
          serial_bayou_pond_b, chequers_serial_rivers_micro_b,
          grunt_ministairs_6
D:5:      layout_layer_cave, bloody_trog, gammafunk_temple_overflow_forgotten
D:6:      layout_rooms, lemuel_round_altar, minmay_temple_entry_mini_moons
D:7:      layout_rooms, nemelex_xobeh_ov_fountains_minmay,
          grunt_dithmenos_shadows, lemuel_round_altar, uniq_harold
D:8:      layout_layer_cave, zin_scriptorium, lemuel_crystal_altar,
          serial_shops, shop, shop, nicolae_shop_waterfront, shop,
          kennysheep_mini, elyvilon_altar_4, uniq_grum
D:9:      layout_loops_cross, nicolae_overflow_hidden_temple,
          lemuel_crystal_altar, kennysheep_ying_yang,
          minmay_orc_entry_temple_small, serial_aquarium,
          aquarium_bridge_straight [aquarium_subvault_bridge,
          aquarium_subvault_window, aquarium_subvault_bridge,
          aquarium_subvault_wall], aquarium_window_2,
          aquarium_window_corridor_3, aquarium_view_2a, aquarium_view_2c,
          uniq_psyche, uniq_prince_ribbit1, uniq_maggie
D:10:     cheibrodos_ideogram_h, layout_loops_cross, serial_shops, shop,
          basic_altar, hangedman_abyss_or_decor_lesser_grid,
          chequers_serial_rivers_room_b, minmay_shop_damaged
D:11:     minmay_skewed_foursquare, layout_basic,
          grunt_lair_entry_orc_guard_hut, serial_shops, kennysheep_little_box,
          evilmike_butchery
D:12:     layout_loops_ring, grunt_ministairs_6, serial_park_tiny_1
D:13:     layout_roguey, grunt_vaults_entry_fortified
D:14:     layout_loops_corners, zin_angel, special_room [special_room_orc],
          serial_shops, nicolae_shop_stone
D:15:     hangedman_depths_entry_civil_slaughter, layout_loops_cross,
          special_room [special_room_mythical_zoo], minmay_misc_feat_five,
          uniq_nessos, uniq_kirke, uniq_azrael
Temple:   corrupted_temple
Lair:1:   layout_gridlike
Lair:2:   layout_small_grid, minmay_shoals_entry_lonely_mermaid,
          serial_bayou_pond_a
Lair:3:   layout_gridlike
Lair:4:   layout_small_grid, minmay_snake_entry_guardpost_large
Lair:5:   layout_loops_ring
Lair:6:   minmay_lair_end_frog_pond, layout_cave_pods, slime_altar_1,
          nzn_masters_of_martial_movement, uniq_rupert, uniq_josephine
Shoals:1: layout_shoals
Shoals:2: layout_shoals, serial_shops, shop, shop, nicolae_shop_stone,
          nicolae_shoals_loop_pool
Shoals:3: layout_shoals, serial_shops, shop
Shoals:4: shoals_end_grunt_garden, layout_shoals
Orc:1:    cheibrodos_orc_bank, layout_caves, serial_shops, nicolae_shop_trees,
          led_sif_book
Orc:2:    st_orc_mages, layout_diamond_mine, basic_altar, minmay_orc_keep

Skill      XL: |  1  2  3  4  5  6  7  8  9 10 11 12 13 14 15 16 |
---------------+-------------------------------------------------+-----
Stealth        | 5 6 7 8 9 11 13 14 16 17 | 17.4
Hexes          | 4 5 6 7 9 11 13 | 13.7
Fighting       | 1 3 5 7 8 |  8.0
Dodging        | 4 5 9 13 | 13.2
Short Blades   | 3 4 6 7 9 10 | 10.0
Shields        | 5 7 |  7.2
Spellcasting   | 5 6 8 9 |  9.5
Invocations    | 5 9 11 12 13 | 13.8
Evocations     | 10 14 | 14.6

Action                   |  1- 3 |  4- 6 |  7- 9 | 10-12 | 13-15 | 16-18 || total
-------------------------+-------+-------+-------+-------+-------+-------++-------
Melee: Dagger            |   102 |   166 |   259 |   491 |   738 |       ||  1756
       Quick blade       |       |       |       |       |   367 |   502 ||   869
 Fire: Hunting sling     |       |       |       |       |     6 |       ||     6
 Cast: Corona            |     2 |       |       |       |       |       ||     2
       Ensorcelled Hiber |    32 |    68 |   111 |   257 |   617 |   141 ||  1226
       Confusing Touch   |       |     4 |    26 |    41 |    71 |    16 ||   158
       Tukima's Dance    |       |       |     9 |    15 |    11 |       ||    35
       Dazzling Flash    |       |       |       |    23 |   109 |    19 ||   151
       Invisibility      |       |       |       |       |       |    11 ||    11
Invok: Shadow Step       |       |       |       |     3 |       |     1 ||     4
       Shadow Form       |       |       |       |       |       |     1 ||     1
 Abil: Evoke Invisibilit |       |       |       |       |     6 |     1 ||     7
       Evoke Blink       |       |       |       |       |     3 |       ||     3
  Use: Scroll            |       |     7 |    12 |     8 |    21 |    10 ||    58
       Potion            |       |       |     1 |     2 |     4 |     4 ||    11
 Stab: Sleeping          |    38 |    55 |    75 |   171 |   328 |    84 ||   751
       Confused          |       |     4 |    18 |    31 |    61 |     9 ||   123
       Invisible         |       |       |       |    11 |    65 |    38 ||   114
       Distracted        |       |       |       |       |     6 |     4 ||    10
Armor: Robe              |     6 |     5 |    25 |    51 |    61 |    12 ||   160
Dodge: Dodged            |    64 |    96 |   194 |   403 |   696 |   303 ||  1756
Block: Buckler           |       |    29 |    56 |   162 |   431 |   167 ||   845
